 Dungeon Crawl Stone Soup version 0.21.1-1-g345015f (webtiles) character file.

114 Dfrag the Conjurer (level 4, -5/37 HPs)
             Began as a Naga Conjurer on Feb 24, 2018.
             Splashed by Ijyb's acid (7 damage)
             ... on level 3 of the Dungeon.
             The game lasted 00:04:50 (1939 turns).

Dfrag the Conjurer (Naga Conjurer)                  Turns: 1939, Time: 00:04:51

Health: -5/37      AC: -1    Str: 10    XL:     4   Next: 98%
Magic:  0/7        EV: 10    Int: 21    God:
Gold:   164        SH:  0    Dex: 12    Spells: 4/7 levels left

rFire    . . .     SeeInvis +   o - +0 flail (crush)
rCold    . . .     Gourm    .   (no shield)
rNeg     . . .     Faith    .   a - +0 robe
rPois    +         Spirit   .   (no helmet)
rElec    .         Reflect  .   (no cloak)
rCorr    +         Harm     .   (no gloves)
MR       .....                  (no barding)
Stlth    ++........             n - amulet of magic regeneration
HPRegen  0.12/turn              d - ring of resist corrosion
MPRegen  0.35/turn              (no ring)

@: brilliant, corroded, very slow
A: large, see invisible, deformed body, poison resistance, slowness 2, slow
metabolism 1, spit poison 1, AC +1
a: Spit Poison


You were on level 3 of the Dungeon.
You were not hungry.

You visited 1 branch of the dungeon, and saw 3 of its levels.

You collected 164 gold pieces.

Inventory:

Hand Weapons
 o - a +0 flail of crushing (weapon)
Armour
 a - a +0 robe (worn)
Jewellery
 d - a ring of resist corrosion (left hand)
 n - an amulet of magic regeneration (around neck)
 s - an uncursed ring of protection from cold {unknown}
Scrolls
 e - a scroll of identify {unknown}
 f - 2 scrolls of remove curse {unknown}
 g - a scroll of random uselessness {unknown}
 k - 2 scrolls of enchant weapon {unknown}
 m - a scroll of teleportation {unknown}
 p - a scroll of amnesia {unknown}
Potions
 h - a potion of lignification {unknown}
 i - a potion of curing {unknown}
 j - a potion of brilliance
 l - 2 potions of mutation {unknown}
 q - a potion of degeneration {unknown}
Books
 b - a book of Conjurations

   Spells                             Type                      Level
   a - Magic Dart                     Conjuration                  1
   b - Searing Ray                    Conjuration                  2
   c - Dazzling Spray                 Conjuration/Hexes            3
   d - Fulminant Prism                Conjuration/Hexes            4
   e - Force Lance                    Conjuration/Translocation    4
   f - Iskenderun's Mystic Blast      Conjuration                  4
Comestibles
 c - 5 rations


   Skills:
 + Level 0.5 Fighting
 + Level 0.5 Maces & Flails
 + Level 1.8 Dodging
 + Level 3.4 Stealth
 + Level 0.1 Unarmed Combat
 + Level 2.3 Spellcasting
 + Level 5.5 Conjurations


You had 4 spell levels left.
You knew the following spells:

 Your Spells              Type           Power        Failure   Level  Hunger
a - Magic Dart            Conj           ####         1%          1    #......
b - Searing Ray           Conj           #####.       1%          2    ##.....


Dungeon Overview and Level Annotations

Branches:
Dungeon (3/15)

Altars:
Vehumet

Annotations:
D:3 Ijyb


Innate Abilities, Weirdness & Mutations

You cannot wear boots.
Your serpentine skin is tough. (AC +1)
You have supernaturally acute eyesight. (SInv)
Armour fits poorly on your strangely shaped body.
Your system is resistant to poisons. (rPois)
You cover ground very slowly.
You have a slow metabolism.
You can spit poison.


Message History

You kill the goblin!
You finish channeling your searing ray.
Casting: Searing Ray
Confirm with . or Enter, or press ? or * to list all spells.
Aiming: Searing Ray
Press: ? - help, Shift-Dir - straight line, f - Ijyb
Aim: Ijyb, wielding a club, wearing a leather armour and carrying a wand of acid (6)
The searing ray hits Ijyb.
Ijyb is lightly wounded. (Press . to maintain the ray.)
The searing ray hits Ijyb.
Ijyb is moderately wounded.
Ijyb zaps a wand.
The bolt of acid hits you! You resist.
You are splashed with acid!
The acid burns!
You resist.
* * * LOW HITPOINT WARNING * * *
You feel clever all of a sudden.
Ijyb zaps a wand.
The bolt of acid hits you! You resist.
* * * LOW HITPOINT WARNING * * *
The acid corrodes you!
You are splashed with acid!
The acid burns!
You resist.
You die...

..................##.###
......#.############...#
.........############..#
.......................#
.........#############.##
.........# ##########..# #..
.........# ##g.......#..# #..
.........###.gg......#..###.#
###.........@#8.....8#...##.#
#.........##.gg....#.#.##.#
#.........##8.gg..8#.#.##.#
############..g....#.#..#.#
#8.....8#.##'#.#
#....(..#.#.....
#8.....8#.#..... #.#.....
#....†


You could see Ijyb and 2 goblins.

Vanquished Creatures
  3 gnolls (D:2)
  An adder (D:2)
  An ooze (D:2)
  A worm (D:2)
  5 leopard geckos
  5 orcs (D:3)
  9 hobgoblins
  4 jackals (D:3)
  A quokka (D:2)
  5 bats
  3 frilled lizards
  7 goblins
  5 kobolds
  9 rats
59 creatures vanquished.

Notes
Turn   | Place    | Note
-------+----------+-------------------------------------------
     0 | D:1      | Dfrag the Naga Conjurer began the quest for the Orb.
     0 | D:1      | Reached XP level 1. HP: 15/15 MP: 3/3
   216 | D:1      | Reached XP level 2. HP: 17/22 MP: 0/5
   758 | D:2      | Reached skill level 5 in Conjurations
   758 | D:2      | Reached XP level 3. HP: 13/28 MP: 0/6
   785 | D:2      | Found a radiant altar of Vehumet.
   821 | D:2      | Reached XP level 4. HP: 6/36 MP: 1/7
  1256 | D:2      | Learned a level 2 spell: Searing Ray
  1929 | D:3      | Noticed Ijyb
  1939 | D:3      | Splashed by Ijyb's acid

Skill      XL: |  1  2 |
---------------+-------+-----
Conjurations   | 5 |  5.5
Fighting       | |  0.5
Maces & Flails | |  0.5
Dodging        | |  1.8
Stealth        | |  3.4
Unarmed Combat | |  0.1
Spellcasting   | |  2.3

Action                   |  1- 3 |  4- 6 || total
-------------------------+-------+-------++-------
Melee: Unarmed           |    20 |       ||    20
       Flail             |       |     9 ||     9
 Cast: Magic Dart        |    35 |    34 ||    69
       Searing Ray       |       |     6 ||     6
 Abil: Spit Poison       |    19 |     8 ||    27
  Use: Potion            |     3 |     1 ||     4
 Stab: Sleeping          |     1 |       ||     1
  Eat: Chunk             |     1 |     4 ||     5
Armor: Robe              |     2 |     7 ||     9
Dodge: Dodged            |    27 |    25 ||    52
